[ AOE2 MATCH · #466201367 ]
UnrankedBengalis vs Mongols
[ REPLAY ANALYSIS · EXTRACTED FROM THE RECORDED GAME ]
Feudal
11:46
Castle
21:03
Imperial
36:20
| APM avg | 16.8 |
| APM peak | 39 |
| eAPM avg | 11.5 |
| Villagers / military | 119 / 358 |
Focus
⚔️ 34.8% · 🌾 65.2%
Skirmisher ×135 · Ratha (Ranged) ×59 · Spearman ×55 · Battle Elephant ×55 · Elephant Archer ×39 · Militia ×10
Feudal
14:09
Castle
18:15
Imperial
27:58
| APM avg | 21.6 |
| APM peak | 70 |
| eAPM avg | 15.7 |
| Villagers / military | 195 / 254 |
Focus
⚔️ 19.8% · 🌾 80.2%
Steppe Lancer ×103 · Mangonel ×45 · Scorpion ×41 · Trade Cart ×38 · Camel Scout ×35 · Scout Cavalry ×27
Feudal
14:58
Castle
19:22
Imperial
30:50
| APM avg | 16.6 |
| APM peak | 59 |
| eAPM avg | 13.9 |
| Villagers / military | 162 / 284 |
Focus
⚔️ 29.8% · 🌾 70.2%
Hand Cannoneer ×160 · Militia ×43 · Trade Cart ×43 · Bombard Cannon ×29 · Conquistador ×25 · Battering Ram ×16
Feudal
11:26
Castle
18:40
Imperial
31:55
| APM avg | 13.5 |
| APM peak | 31 |
| eAPM avg | 9.9 |
| Villagers / military | 129 / 260 |
Focus
⚔️ 37.8% · 🌾 62.2%
Militia ×175 · Scorpion ×59 · Trade Cart ×36 · Bombard Cannon ×25 · Monk ×1
Feudal
8:58
Castle
19:23
Imperial
37:35
| APM avg | 14.6 |
| APM peak | 33 |
| eAPM avg | 11.5 |
| Villagers / military | 114 / 357 |
Focus
⚔️ 28.8% · 🌾 71.2%
Spearman ×214 · Skirmisher ×103 · Longbowman ×18 · Militia ×15 · Mangonel ×6 · Monk ×1
Feudal
8:37
Castle
21:53
Imperial
37:07
| APM avg | 10.1 |
| APM peak | 37 |
| eAPM avg | 7.7 |
| Villagers / military | 112 / 99 |
Focus
⚔️ 32.3% · 🌾 67.7%
Archer ×34 · Knight ×28 · Cavalry Archer ×11 · Trade Cart ×9 · Monk ×5 · Spearman ×5
Match map
Initial resources + every placement click. Lines = walls · curves = elevation contours. ◆ gold · ⬟ stone · ● berries · ✦ relic · ◌ wall gap
Your base· ✓ Closed at 21:03 · 29t walls · no gate
† Lucas †'s base· ✓ Closed at 18:15 · 0t walls · no gate
Marius96's base· ✓ Closed at 19:22 · 29t walls · no gate
schmitz.nick's base· ✓ Closed at 18:40 · 14t walls · no gate
mahonioyunda's base· ✓ Closed at 19:23 · 6t walls · no gate
juanmanuel.cruce's base· ✓ Closed at 21:53 · 44t walls · 2 gate(s)
Smoothed initial terrain · ◌ = detected wall gap · hover for details
Inputs per minute
— Zerorule - - † Lucas †
Build order — Zerorule
First 150 of 401 actions detected
| 0:04 | Create | Villager (Male) |
| 0:05 | Create | Villager (Male) |
| 0:05 | Create | Villager (Male) |
| 0:05 | Create | Villager (Male) |
| 0:05 | Create | Villager (Male) |
| 0:09 | Build | House |
| 0:10 | Build | House |
| 1:13 | Build | Mill |
| 1:16 | Create | Villager (Male) |
| 1:16 | Create | Villager (Male) |
| 1:36 | Research | Loom |
| 2:32 | Create | Villager (Male) |
| 2:33 | Create | Villager (Male) |
| 2:33 | Create | Villager (Male) |
| 2:33 | Create | Villager (Male) |
| 2:40 | Build | Lumber Camp |
| 3:03 | Create | Villager (Male) |
| 3:03 | Create | Villager (Male) |
| 3:03 | Create | Villager (Male) |
| 3:04 | Create | Villager (Male) |
| 3:04 | Create | Villager (Male) |
| 3:49 | Build | Palisade Wall |
| 4:38 | Build | Palisade Wall |
| 4:41 | Create | Villager (Male) |
| 4:42 | Create | Villager (Male) |
| 4:42 | Create | Villager (Male) |
| 5:36 | Build | Barracks |
| 6:14 | Create | Villager (Male) |
| 6:38 | Create | Villager (Male) |
| 6:52 | Build | Farm |
| 6:55 | Build | Farm |
| 7:24 | Create | Villager (Male) |
| 7:24 | Create | Villager (Male) |
| 7:24 | Create | Villager (Male) |
| 7:36 | Build | Farm |
| 7:38 | Build | Farm |
| 7:40 | Build | Farm |
| 8:00 | Build | Lumber Camp |
| 8:36 | Create | Villager (Male) |
| 8:37 | Create | Villager (Male) |
| 8:37 | Create | Villager (Male) |
| 8:37 | Create | Villager (Male) |
| 9:36 | Research | Feudal Age |
| 11:46 | Age | Feudal Age |
| 11:50 | Build | Archery Range |
| 11:52 | Build | Stable |
| 11:59 | Build | Farm |
| 12:05 | Build | Farm |
| 12:08 | Create | Villager (Male) |
| 12:08 | Create | Villager (Male) |
| 12:09 | Create | Villager (Male) |
| 12:10 | Research | Wheelbarrow |
| 12:10 | Create | Villager (Male) |
| 12:10 | Create | Villager (Male) |
| 12:11 | Create | Villager (Male) |
| 12:11 | Create | Villager (Male) |
| 12:13 | Create | Villager (Male) |
| 12:22 | Build | Lumber Camp |
| 12:59 | Build | Outpost |
| 13:06 | Create | Militia |
| 13:06 | Create | Militia |
| 13:23 | Build | House |
| 13:24 | Build | House |
| 13:26 | Build | House |
| 13:29 | Build | House |
| 13:49 | Create | Villager (Male) |
| 14:04 | Build | House |
| 14:06 | Build | House |
| 14:36 | Build | Mining Camp |
| 15:00 | Build | Farm |
| 15:04 | Build | Farm |
| 15:07 | Build | Farm |
| 15:20 | Build | Mining Camp |
| 16:01 | Build | Market |
| 16:05 | Research | Double-Bit Axe |
| 16:07 | Create | Villager (Male) |
| 16:08 | Create | Villager (Male) |
| 16:08 | Create | Villager (Male) |
| 16:15 | Create | Skirmisher |
| 16:15 | Create | Skirmisher |
| 16:15 | Create | Skirmisher |
| 16:15 | Create | Skirmisher |
| 16:16 | Create | Skirmisher |
| 16:16 | Create | Skirmisher |
| 16:16 | Create | Skirmisher |
| 16:16 | Create | Skirmisher |
| 16:16 | Create | Skirmisher |
| 16:17 | Create | Skirmisher |
| 16:17 | Create | Skirmisher |
| 16:40 | Build | Farm |
| 17:24 | Build | House |
| 17:26 | Build | House |
| 17:29 | Build | House |
| 17:45 | Create | Trade Cart |
| 17:45 | Create | Trade Cart |
| 17:45 | Create | Trade Cart |
| 17:45 | Create | Trade Cart |
| 18:22 | Research | Castle Age |
| 19:10 | Build | Stone Wall |
| 19:26 | Build | Mining Camp |
| 20:47 | Build | Farm |
| 20:58 | Create | Villager (Male) |
| 20:59 | Create | Villager (Male) |
| 20:59 | Create | Villager (Male) |
| 21:00 | Create | Villager (Male) |
| 21:00 | Create | Villager (Male) |
| 21:00 | Create | Villager (Male) |
| 21:00 | Create | Villager (Male) |
| 21:00 | Create | Villager (Male) |
| 21:01 | Create | Villager (Male) |
| 21:03 | Create | Villager (Male) |
| 21:03 | Age | Castle Age |
| 21:13 | Build | Town Center |
| 21:41 | Build | Monastery |
| 21:51 | Build | Farm |
| 22:00 | Build | Farm |
| 22:05 | Create | Villager (Male) |
| 22:05 | Create | Villager (Male) |
| 22:06 | Create | Villager (Male) |
| 22:06 | Create | Villager (Male) |
| 22:06 | Create | Villager (Male) |
| 22:06 | Create | Villager (Male) |
| 22:07 | Create | Villager (Male) |
| 22:07 | Create | Villager (Male) |
| 22:07 | Create | Villager (Male) |
| 22:07 | Create | Villager (Male) |
| 22:07 | Create | Villager (Male) |
| 22:08 | Create | Villager (Male) |
| 22:08 | Create | Villager (Male) |
| 22:08 | Create | Villager (Male) |
| 22:35 | Create | Monk |
| 22:51 | Build | University |
| 23:09 | Build | Farm |
| 23:11 | Build | Farm |
| 23:15 | Research | Horse Collar |
| 23:28 | Create | Villager (Male) |
| 23:28 | Create | Villager (Male) |
| 23:29 | Create | Villager (Male) |
| 23:29 | Create | Villager (Male) |
| 23:29 | Create | Villager (Male) |
| 23:29 | Create | Villager (Male) |
| 23:29 | Create | Villager (Male) |
| 23:35 | Research | Elite Skirmisher (upgrade) |
| 23:40 | Research | Man-at-Arms (upgrade) |
| 23:48 | Build | Farm |
| 23:53 | Build | Farm |
| 24:09 | Build | Farm |
| 24:15 | Build | Farm |
| 24:18 | Build | Farm |
| 24:20 | Build | Farm |
Build order — † Lucas †
First 150 of 463 actions detected
| 0:03 | Create | Villager (Male) |
| 0:03 | Create | Villager (Male) |
| 0:03 | Create | Villager (Male) |
| 0:04 | Create | Villager (Male) |
| 0:46 | Build | Mill |
| 1:16 | Create | Villager (Male) |
| 2:15 | Create | Villager (Male) |
| 2:15 | Create | Villager (Male) |
| 2:53 | Create | Villager (Male) |
| 2:53 | Create | Villager (Male) |
| 3:16 | Research | Loom |
| 3:18 | Create | Villager (Male) |
| 3:18 | Create | Villager (Male) |
| 3:52 | Create | Villager (Male) |
| 3:52 | Create | Villager (Male) |
| 4:29 | Build | House |
| 4:30 | Build | House |
| 4:36 | Build | Dock |
| 5:18 | Build | House |
| 5:36 | Build | Lumber Camp |
| 5:51 | Create | Fishing Ship |
| 5:52 | Create | Fishing Ship |
| 5:53 | Create | Fishing Ship |
| 6:24 | Build | Lumber Camp |
| 6:29 | Create | Villager (Male) |
| 6:29 | Create | Villager (Male) |
| 7:24 | Create | Villager (Male) |
| 7:24 | Create | Villager (Male) |
| 7:25 | Create | Villager (Male) |
| 7:25 | Create | Villager (Male) |
| 7:32 | Create | Fishing Ship |
| 7:45 | Create | Villager (Male) |
| 8:27 | Create | Villager (Male) |
| 9:00 | Build | Mill |
| 9:31 | Build | Mill |
| 9:37 | Create | Villager (Male) |
| 9:37 | Create | Villager (Male) |
| 9:56 | Build | Mining Camp |
| 10:04 | Build | Mining Camp |
| 10:19 | Create | Fishing Ship |
| 10:19 | Create | Fishing Ship |
| 10:30 | Build | House |
| 10:39 | Create | Villager (Male) |
| 10:40 | Create | Villager (Male) |
| 11:03 | Create | Villager (Male) |
| 11:22 | Build | Lumber Camp |
| 11:31 | Build | Farm |
| 11:32 | Build | Farm |
| 11:53 | Research | Feudal Age |
| 13:25 | Create | Fishing Ship |
| 13:42 | Build | House |
| 13:59 | Create | Villager (Male) |
| 13:59 | Create | Villager (Male) |
| 14:09 | Age | Feudal Age |
| 14:18 | Build | Market |
| 14:26 | Build | Blacksmith |
| 14:42 | Build | Fish Trap |
| 14:43 | Build | Fish Trap |
| 14:44 | Build | Fish Trap |
| 14:47 | Build | Fish Trap |
| 14:49 | Build | Fish Trap |
| 14:50 | Build | Fish Trap |
| 14:52 | Build | Fish Trap |
| 14:56 | Create | Fishing Ship |
| 14:58 | Research | Tech 906 |
| 15:05 | Research | Double-Bit Axe |
| 15:09 | Research | Horse Collar |
| 15:26 | Build | Lumber Camp |
| 15:35 | Research | Castle Age |
| 15:51 | Research | Gold Mining |
| 15:56 | Research | Stone Mining |
| 16:15 | Build | House |
| 16:16 | Build | House |
| 16:59 | Research | Wheelbarrow |
| 17:28 | Build | House |
| 17:39 | Create | Trade Cart |
| 17:40 | Create | Trade Cart |
| 17:40 | Create | Trade Cart |
| 17:40 | Create | Trade Cart |
| 18:02 | Build | Farm |
| 18:02 | Build | Farm |
| 18:15 | Age | Castle Age |
| 18:20 | Build | Town Center |
| 18:29 | Build | Town Center |
| 18:37 | Build | House |
| 18:41 | Create | Villager (Male) |
| 18:41 | Create | Villager (Male) |
| 18:51 | Research | Bow Saw |
| 18:54 | Research | Heavy Plow |
| 19:20 | Build | Farm |
| 19:47 | Build | Dock |
| 19:50 | Research | Gillnets |
| 19:57 | Create | Villager (Male) ×5 |
| 19:57 | Create | Villager (Male) ×5 |
| 20:04 | Create | Villager (Male) |
| 20:04 | Create | Villager (Male) |
| 20:05 | Create | Villager (Male) |
| 20:13 | Build | Farm |
| 20:13 | Build | Farm |
| 20:14 | Build | Farm |
| 20:14 | Build | Farm |
| 20:16 | Build | Farm |
| 20:17 | Build | Farm |
| 20:17 | Build | Farm |
| 20:20 | Build | Farm |
| 20:20 | Build | Farm |
| 20:20 | Build | Farm |
| 21:00 | Build | Barracks |
| 21:11 | Create | Villager (Male) |
| 21:11 | Create | Villager (Male) |
| 21:12 | Create | Villager (Male) |
| 21:15 | Create | Fishing Ship ×5 |
| 21:16 | Create | Fishing Ship |
| 21:27 | Build | Fish Trap |
| 21:30 | Build | Fish Trap |
| 21:31 | Build | Fish Trap |
| 21:41 | Build | Fish Trap |
| 21:42 | Build | Fish Trap |
| 21:44 | Build | Fish Trap |
| 22:10 | Build | Fish Trap |
| 22:13 | Build | Fish Trap |
| 22:14 | Build | Fish Trap |
| 22:15 | Build | Fish Trap |
| 22:18 | Build | Fish Trap |
| 22:22 | Create | Villager (Male) ×5 |
| 22:22 | Create | Villager (Male) |
| 22:33 | Build | House |
| 22:34 | Build | House |
| 22:49 | Build | Town Center |
| 22:54 | Create | Villager (Male) ×5 |
| 23:40 | Build | Town Center |
| 23:44 | Create | Villager (Male) |
| 23:44 | Create | Villager (Male) |
| 23:45 | Create | Villager (Male) |
| 23:45 | Create | Villager (Male) |
| 23:45 | Create | Villager (Male) |
| 23:53 | Build | Farm |
| 23:53 | Build | Farm |
| 23:54 | Build | Farm |
| 23:54 | Build | Farm |
| 23:55 | Build | Farm |
| 24:13 | Build | Fish Trap |
| 24:34 | Build | House |
| 24:35 | Build | House |
| 24:37 | Build | House |
| 24:38 | Build | House |
| 24:48 | Research | Imperial Age |
| 24:51 | Research | Town Watch |
| 24:51 | Create | Villager (Male) ×3 |
| 25:40 | Build | Siege Workshop |
Build order — Marius96
First 150 of 476 actions detected
| 0:03 | Research | Loom |
| 0:04 | Create | Villager (Male) |
| 0:04 | Create | Villager (Male) |
| 0:04 | Create | Villager (Male) |
| 0:05 | Create | Villager (Male) |
| 0:51 | Build | Mill |
| 1:03 | Create | Villager (Male) |
| 1:03 | Create | Villager (Male) |
| 2:05 | Build | Palisade Wall |
| 2:38 | Create | Villager (Male) |
| 2:38 | Create | Villager (Male) |
| 2:38 | Create | Villager (Male) |
| 2:38 | Create | Villager (Male) |
| 4:00 | Build | Palisade Wall |
| 4:13 | Create | Villager (Male) |
| 4:13 | Create | Villager (Male) |
| 4:13 | Create | Villager (Male) |
| 5:09 | Create | Villager (Male) |
| 5:10 | Create | Villager (Male) |
| 5:23 | Build | House |
| 5:24 | Build | House |
| 5:25 | Build | House |
| 6:32 | Create | Villager (Male) |
| 6:33 | Create | Villager (Male) |
| 6:33 | Create | Villager (Male) |
| 6:41 | Build | House |
| 6:42 | Build | House |
| 6:43 | Build | House |
| 7:41 | Create | Villager (Male) |
| 7:41 | Create | Villager (Male) |
| 7:41 | Create | Villager (Male) |
| 7:41 | Create | Villager (Male) |
| 7:51 | Build | Lumber Camp |
| 8:14 | Build | Mining Camp |
| 8:22 | Create | Villager (Male) |
| 8:22 | Create | Villager (Male) |
| 8:24 | Create | Villager (Male) |
| 8:24 | Create | Villager (Male) |
| 8:59 | Build | Mill |
| 9:41 | Build | Mill |
| 10:28 | Build | Palisade Wall |
| 11:04 | Create | Villager (Male) |
| 11:05 | Create | Villager (Male) |
| 11:34 | Build | House |
| 11:35 | Build | House |
| 11:36 | Build | House |
| 11:46 | Create | Villager (Male) |
| 12:03 | Build | Mining Camp |
| 12:17 | Create | Villager (Male) |
| 12:17 | Research | Feudal Age |
| 12:18 | Create | Villager (Male) |
| 12:19 | Create | Villager (Male) |
| 12:19 | Create | Villager (Male) |
| 12:48 | Build | Barracks |
| 13:40 | Build | Dock |
| 14:11 | Build | Farm |
| 14:12 | Build | Farm |
| 14:13 | Build | Farm |
| 14:14 | Build | Farm |
| 14:16 | Build | Farm |
| 14:17 | Build | Farm |
| 14:19 | Build | Farm |
| 14:21 | Build | Farm |
| 14:22 | Build | Farm |
| 14:58 | Age | Feudal Age |
| 15:00 | Build | Market |
| 15:13 | Build | Farm |
| 15:14 | Build | Farm |
| 15:15 | Build | Farm |
| 15:19 | Build | Farm |
| 15:55 | Build | Blacksmith |
| 16:17 | Create | Villager (Male) |
| 16:23 | Research | Castle Age |
| 16:36 | Build | Farm |
| 16:43 | Build | Farm |
| 16:49 | Create | Villager (Male) ×5 |
| 16:50 | Create | Villager (Male) ×5 |
| 16:55 | Create | Fishing Ship |
| 17:06 | Create | Trade Cart |
| 17:17 | Research | Double-Bit Axe |
| 17:19 | Research | Horse Collar |
| 17:51 | Research | Man-at-Arms (upgrade) |
| 18:05 | Create | Trade Cart |
| 18:22 | Build | Lumber Camp |
| 18:36 | Create | Trade Cart |
| 19:22 | Age | Castle Age |
| 19:45 | Build | Town Center |
| 19:49 | Research | Bow Saw |
| 19:52 | Research | Heavy Plow |
| 20:21 | Build | Town Center |
| 20:36 | Create | Villager (Male) |
| 20:36 | Create | Villager (Male) |
| 20:36 | Create | Villager (Male) |
| 20:37 | Create | Villager (Male) |
| 20:37 | Create | Villager (Male) |
| 20:37 | Create | Villager (Male) |
| 20:37 | Create | Villager (Male) |
| 20:38 | Create | Villager (Male) |
| 20:38 | Create | Villager (Male) |
| 20:38 | Create | Villager (Male) |
| 21:13 | Research | Caravan |
| 21:15 | Create | Trade Cart |
| 21:27 | Create | Villager (Male) |
| 21:27 | Create | Villager (Male) |
| 21:40 | Create | Villager (Male) |
| 21:40 | Create | Villager (Male) |
| 21:40 | Create | Villager (Male) |
| 21:41 | Create | Villager (Male) |
| 21:41 | Create | Villager (Male) |
| 21:41 | Create | Villager (Male) |
| 21:53 | Create | Fishing Ship |
| 21:53 | Create | Fishing Ship |
| 21:55 | Create | Fishing Ship |
| 21:59 | Create | Trade Cart |
| 22:09 | Build | Town Center |
| 22:35 | Create | Trade Cart |
| 22:36 | Create | Trade Cart |
| 22:48 | Research | Long Swordsman (upgrade) |
| 23:18 | Create | Villager (Male) |
| 23:19 | Create | Villager (Male) |
| 23:19 | Create | Villager (Male) |
| 23:19 | Create | Villager (Male) |
| 23:32 | Create | Villager (Male) |
| 23:33 | Create | Villager (Male) |
| 23:33 | Create | Villager (Male) |
| 23:33 | Create | Villager (Male) |
| 23:33 | Create | Villager (Male) |
| 23:47 | Create | Villager (Male) |
| 23:53 | Build | Farm |
| 24:07 | Build | House |
| 24:08 | Build | House |
| 24:09 | Build | House |
| 24:10 | Build | House |
| 24:11 | Build | House |
| 24:18 | Build | Farm |
| 24:23 | Build | Farm |
| 24:35 | Build | Farm |
| 24:42 | Build | Farm |
| 24:52 | Build | Farm |
| 25:03 | Build | Market |
| 25:05 | Build | Market |
| 25:13 | Build | University |
| 25:19 | Create | Villager (Male) ×5 |
| 25:19 | Create | Villager (Male) ×5 |
| 25:22 | Create | Villager (Male) ×3 |
| 25:34 | Build | Farm |
| 25:39 | Build | Farm |
| 25:52 | Build | Farm |
| 26:00 | Build | Farm |
| 26:04 | Build | Farm |
Build order — schmitz.nick
First 150 of 325 actions detected
| 0:01 | Create | Villager (Male) ×4 |
| 0:05 | Build | House |
| 0:07 | Build | House |
| 1:31 | Research | Loom |
| 1:52 | Build | Lumber Camp |
| 1:58 | Create | Villager (Male) |
| 1:58 | Create | Villager (Male) |
| 2:32 | Build | Palisade Wall |
| 2:56 | Create | Villager (Male) |
| 2:56 | Create | Villager (Male) |
| 3:13 | Create | Villager (Male) |
| 3:41 | Build | Palisade Wall |
| 4:07 | Build | Mill |
| 4:43 | Create | Villager (Male) |
| 4:44 | Create | Villager (Male) |
| 4:44 | Create | Villager (Male) |
| 5:58 | Create | Villager (Male) |
| 6:31 | Create | Villager (Male) |
| 7:29 | Build | Farm |
| 7:36 | Create | Villager (Male) ×5 |
| 8:49 | Build | Mill |
| 9:13 | Research | Feudal Age |
| 9:26 | Build | Farm |
| 9:27 | Build | Farm |
| 9:29 | Build | Farm |
| 9:30 | Build | Farm |
| 10:45 | Build | Mining Camp |
| 11:02 | Create | Villager (Male) ×5 |
| 11:26 | Age | Feudal Age |
| 11:30 | Research | Horse Collar |
| 11:35 | Research | Double-Bit Axe |
| 11:58 | Create | Villager (Male) ×5 |
| 12:00 | Research | Wheelbarrow |
| 12:37 | Build | Mining Camp |
| 12:50 | Create | Villager (Male) |
| 13:00 | Create | Villager (Male) |
| 13:42 | Build | Stone Wall |
| 14:03 | Build | Farm |
| 14:06 | Build | Farm |
| 14:08 | Build | Farm |
| 14:21 | Build | Farm |
| 14:23 | Build | Farm |
| 14:41 | Build | Barracks |
| 15:06 | Build | Market |
| 15:18 | Build | Blacksmith |
| 15:24 | Create | Villager (Male) |
| 16:00 | Research | Castle Age |
| 17:14 | Build | Farm |
| 17:38 | Build | Mining Camp |
| 18:40 | Age | Castle Age |
| 18:43 | Build | Town Center |
| 18:48 | Build | Town Center |
| 18:54 | Research | Heavy Plow |
| 18:58 | Research | Bow Saw |
| 19:43 | Build | Town Center |
| 20:01 | Create | Villager (Male) ×5 |
| 20:02 | Create | Villager (Male) ×5 |
| 20:02 | Create | Villager (Male) ×5 |
| 20:02 | Create | Villager (Male) ×5 |
| 20:02 | Create | Villager (Male) ×5 |
| 20:41 | Build | Farm |
| 21:08 | Create | Villager (Male) ×4 |
| 21:12 | Build | Farm |
| 21:26 | Create | Trade Cart ×2 |
| 21:54 | Build | Monastery |
| 22:10 | Build | House |
| 22:12 | Build | House |
| 22:25 | Create | Villager (Male) ×5 |
| 22:25 | Create | Villager (Male) |
| 22:34 | Build | House |
| 22:35 | Build | House |
| 22:37 | Build | House |
| 22:38 | Build | House |
| 22:39 | Build | House |
| 22:40 | Build | House |
| 22:42 | Build | House |
| 22:42 | Build | House |
| 22:44 | Build | House |
| 22:47 | Build | House |
| 23:01 | Research | Fervor |
| 23:17 | Build | University |
| 23:24 | Build | Siege Workshop |
| 23:27 | Build | Siege Workshop |
| 23:32 | Build | Siege Workshop |
| 23:34 | Build | Siege Workshop |
| 23:47 | Research | Caravan |
| 23:49 | Create | Trade Cart |
| 23:49 | Create | Trade Cart |
| 23:49 | Create | Trade Cart |
| 23:59 | Create | Villager (Male) ×4 |
| 24:16 | Research | Treadmill Crane |
| 24:58 | Build | Farm |
| 24:59 | Build | Farm |
| 24:59 | Build | Farm |
| 25:00 | Build | Farm |
| 25:00 | Build | Farm |
| 25:03 | Build | Farm |
| 25:03 | Build | Farm |
| 25:03 | Build | Farm |
| 25:04 | Build | Farm |
| 25:05 | Build | Farm |
| 25:06 | Build | Farm |
| 25:10 | Build | Farm |
| 25:32 | Build | Farm |
| 25:32 | Build | Farm |
| 25:33 | Build | Farm |
| 25:33 | Build | Farm |
| 25:33 | Build | Farm |
| 25:34 | Build | Farm |
| 25:34 | Build | Farm |
| 25:42 | Build | Farm |
| 26:16 | Build | Siege Workshop |
| 26:25 | Research | Chemistry |
| 26:41 | Research | Ballistics |
| 26:51 | Research | Fortified Wall (upgrade) |
| 26:53 | Research | Masonry |
| 26:58 | Create | Monk |
| 27:21 | Build | Barracks |
| 27:26 | Build | Barracks |
| 27:27 | Build | Barracks |
| 27:30 | Build | Archery Range |
| 27:31 | Build | Archery Range |
| 27:33 | Build | Archery Range |
| 27:34 | Build | Archery Range |
| 27:43 | Build | House |
| 27:44 | Build | House |
| 27:46 | Build | House |
| 27:47 | Build | House |
| 27:50 | Build | House |
| 27:52 | Build | House |
| 27:54 | Build | House |
| 27:55 | Build | House |
| 28:19 | Research | Hand Cart |
| 28:37 | Research | Imperial Age |
| 28:45 | Research | Imperial Age |
| 29:32 | Create | Trade Cart ×3 |
| 29:53 | Create | Villager (Male) ×5 |
| 29:53 | Create | Villager (Male) ×5 |
| 29:53 | Create | Villager (Male) ×5 |
| 29:54 | Create | Villager (Male) ×5 |
| 29:57 | Create | Villager (Male) |
| 29:57 | Create | Villager (Male) |
| 29:58 | Create | Villager (Male) |
| 30:58 | Build | House |
| 30:58 | Build | House |
| 31:00 | Build | House |
| 31:01 | Build | House |
| 31:04 | Build | House |
| 31:04 | Build | House |
| 31:05 | Build | House |
Build order — mahonioyunda
First 150 of 401 actions detected
| 0:05 | Create | Villager (Male) |
| 0:06 | Create | Villager (Male) |
| 0:06 | Create | Villager (Male) |
| 0:06 | Create | Villager (Male) |
| 2:39 | Research | Loom |
| 2:40 | Create | Villager (Male) |
| 2:41 | Create | Villager (Male) |
| 2:41 | Create | Villager (Male) |
| 2:41 | Create | Villager (Male) |
| 3:01 | Build | Mill |
| 3:40 | Build | Mining Camp |
| 3:52 | Build | Mining Camp |
| 4:27 | Build | House |
| 4:30 | Build | House |
| 4:31 | Build | House |
| 4:33 | Build | House |
| 4:34 | Build | House |
| 4:36 | Build | House |
| 4:38 | Build | House |
| 4:46 | Create | Villager (Male) |
| 4:47 | Create | Villager (Male) |
| 6:03 | Build | Palisade Wall |
| 6:48 | Research | Feudal Age |
| 7:01 | Build | House |
| 7:02 | Build | House |
| 7:03 | Build | House |
| 7:05 | Build | House |
| 7:08 | Build | House |
| 7:51 | Build | Outpost |
| 8:58 | Age | Feudal Age |
| 9:02 | Research | Wheelbarrow |
| 9:04 | Create | Villager (Male) |
| 9:04 | Create | Villager (Male) |
| 10:59 | Build | Lumber Camp |
| 11:17 | Create | Villager (Male) |
| 11:18 | Create | Villager (Male) |
| 11:18 | Create | Villager (Male) |
| 11:18 | Create | Villager (Male) |
| 12:06 | Create | Villager (Male) |
| 12:48 | Build | House |
| 12:49 | Build | House |
| 12:51 | Build | House |
| 12:52 | Build | House |
| 12:58 | Build | House |
| 13:12 | Create | Villager (Male) |
| 13:13 | Create | Villager (Male) |
| 13:58 | Create | Villager (Male) |
| 13:59 | Create | Villager (Male) |
| 14:00 | Create | Villager (Male) |
| 14:03 | Create | Villager (Male) |
| 14:03 | Create | Villager (Male) |
| 14:08 | Create | Villager (Male) |
| 14:28 | Build | Blacksmith |
| 14:37 | Build | Market |
| 14:51 | Build | House |
| 14:53 | Build | House |
| 14:55 | Build | House |
| 15:08 | Build | Farm |
| 15:15 | Create | Villager (Male) |
| 15:15 | Create | Villager (Male) |
| 15:21 | Research | Double-Bit Axe |
| 15:50 | Build | Farm |
| 15:52 | Build | Farm |
| 16:09 | Build | Farm |
| 16:13 | Build | Farm |
| 16:18 | Build | House |
| 16:38 | Research | Castle Age |
| 16:52 | Build | House |
| 16:54 | Build | House |
| 16:55 | Build | House |
| 17:24 | Build | Barracks |
| 17:49 | Build | Farm |
| 17:52 | Research | Horse Collar |
| 18:00 | Research | Gold Mining |
| 18:16 | Research | Stone Mining |
| 18:44 | Build | Barracks |
| 18:47 | Build | Barracks |
| 19:23 | Age | Castle Age |
| 19:33 | Create | Villager (Male) |
| 19:33 | Create | Villager (Male) |
| 19:33 | Create | Villager (Male) |
| 19:53 | Build | Town Center |
| 20:01 | Create | Villager (Male) |
| 20:02 | Create | Villager (Male) |
| 20:26 | Build | Town Center |
| 20:38 | Build | House |
| 20:40 | Build | House |
| 20:41 | Build | House |
| 20:43 | Build | House |
| 20:44 | Build | House |
| 20:46 | Build | House |
| 20:47 | Build | House |
| 20:48 | Build | House |
| 20:50 | Build | House |
| 20:56 | Create | Villager (Male) |
| 20:56 | Create | Villager (Male) |
| 21:08 | Build | Archery Range |
| 21:10 | Build | Archery Range |
| 21:23 | Create | Spearman |
| 21:23 | Create | Spearman |
| 21:24 | Create | Spearman |
| 21:47 | Create | Villager (Male) |
| 21:47 | Create | Villager (Male) |
| 21:47 | Create | Villager (Male) |
| 21:55 | Build | Farm |
| 21:56 | Build | Farm |
| 21:59 | Build | Farm |
| 22:00 | Build | Farm |
| 22:11 | Create | Villager (Male) |
| 22:20 | Build | Farm |
| 22:33 | Create | Villager (Male) |
| 22:40 | Create | Villager (Male) |
| 22:40 | Create | Villager (Male) |
| 22:41 | Create | Villager (Male) |
| 22:41 | Create | Villager (Male) |
| 22:43 | Create | Villager (Male) |
| 22:54 | Create | Villager (Male) |
| 22:57 | Create | Villager (Male) |
| 23:00 | Research | Heavy Plow |
| 23:37 | Build | Stone Wall |
| 23:47 | Build | Stone Wall |
| 23:57 | Create | Villager (Male) |
| 23:58 | Create | Villager (Male) |
| 23:58 | Create | Villager (Male) |
| 23:59 | Create | Villager (Male) |
| 23:59 | Create | Villager (Male) |
| 24:01 | Create | Villager (Male) |
| 24:01 | Create | Villager (Male) |
| 24:02 | Create | Villager (Male) |
| 24:09 | Build | Farm |
| 24:10 | Build | Farm |
| 24:12 | Build | Farm |
| 24:13 | Build | Farm |
| 24:15 | Build | Farm |
| 24:17 | Build | Farm |
| 24:29 | Create | Villager (Male) |
| 24:29 | Create | Villager (Male) |
| 24:35 | Build | Farm |
| 24:38 | Build | Farm |
| 24:41 | Build | Farm |
| 24:47 | Build | Farm |
| 24:50 | Build | Farm |
| 24:54 | Build | Farm |
| 24:55 | Build | Farm |
| 25:02 | Create | Villager (Male) |
| 25:02 | Create | Villager (Male) |
| 25:03 | Create | Villager (Male) |
| 25:20 | Create | Villager (Male) |
| 25:20 | Create | Villager (Male) |
| 25:22 | Research | Hand Cart |
Build order — juanmanuel.cruce
First 150 of 275 actions detected
| 0:02 | Create | Villager (Male) |
| 0:02 | Create | Villager (Male) |
| 0:02 | Create | Villager (Male) |
| 0:03 | Create | Villager (Male) |
| 0:03 | Create | Villager (Male) |
| 0:03 | Create | Villager (Male) |
| 0:07 | Build | House |
| 0:09 | Build | House |
| 0:50 | Build | Lumber Camp |
| 1:27 | Build | Palisade Wall |
| 1:42 | Build | Palisade Wall |
| 1:47 | Create | Villager (Male) |
| 1:48 | Create | Villager (Male) |
| 1:48 | Create | Villager (Male) |
| 2:58 | Research | Loom |
| 3:13 | Create | Villager (Male) |
| 3:14 | Create | Villager (Male) |
| 3:33 | Create | Villager (Male) |
| 4:52 | Create | Villager (Male) |
| 4:53 | Create | Villager (Male) |
| 5:45 | Build | Mill |
| 5:54 | Create | Villager (Male) |
| 5:54 | Create | Villager (Male) |
| 6:26 | Research | Feudal Age |
| 6:40 | Build | Mining Camp |
| 6:50 | Build | Lumber Camp |
| 7:42 | Build | Lumber Camp |
| 7:51 | Create | Villager (Male) ×5 |
| 7:51 | Create | Villager (Male) ×5 |
| 7:52 | Create | Villager (Male) ×5 |
| 8:37 | Create | Villager (Male) |
| 8:37 | Age | Feudal Age |
| 9:01 | Create | Villager (Male) |
| 9:38 | Research | Double-Bit Axe |
| 9:48 | Build | Stone Wall |
| 9:56 | Build | Gate |
| 10:08 | Create | Villager (Male) |
| 10:24 | Build | Barracks |
| 10:38 | Research | Town Watch |
| 11:12 | Build | Blacksmith |
| 11:14 | Build | Archery Range |
| 11:30 | Build | Archery Range |
| 11:42 | Create | Villager (Male) ×3 |
| 11:51 | Build | Farm |
| 11:52 | Build | Farm |
| 12:16 | Build | House |
| 12:17 | Build | House |
| 12:32 | Build | Farm |
| 12:51 | Build | Watch Tower |
| 13:08 | Build | Watch Tower |
| 13:24 | Build | Farm |
| 13:31 | Build | Farm |
| 13:32 | Build | Farm |
| 13:41 | Research | Horse Collar |
| 13:43 | Create | Villager (Male) |
| 13:43 | Create | Villager (Male) |
| 13:48 | Build | Farm |
| 13:49 | Build | Farm |
| 14:03 | Build | Farm |
| 14:07 | Create | Villager (Male) |
| 14:32 | Build | Mining Camp |
| 15:07 | Create | Villager (Male) |
| 15:08 | Create | Villager (Male) |
| 15:25 | Build | Farm |
| 15:35 | Build | Farm |
| 15:40 | Build | Farm |
| 15:59 | Build | Farm |
| 16:00 | Build | Farm |
| 16:01 | Build | Farm |
| 16:03 | Build | Farm |
| 16:08 | Create | Villager (Male) |
| 16:08 | Create | Villager (Male) |
| 16:44 | Build | House |
| 16:46 | Build | House |
| 16:47 | Build | House |
| 16:49 | Build | House |
| 16:50 | Build | House |
| 16:52 | Build | House |
| 17:07 | Build | Farm |
| 17:09 | Build | Farm |
| 17:10 | Build | Farm |
| 17:12 | Build | Farm |
| 17:16 | Create | Villager (Male) |
| 17:16 | Create | Villager (Male) |
| 17:17 | Create | Villager (Male) |
| 17:31 | Create | Skirmisher ×5 |
| 17:51 | Create | Villager (Male) |
| 18:24 | Build | Market |
| 19:13 | Research | Castle Age |
| 19:22 | Build | Lumber Camp |
| 20:00 | Build | Stone Wall |
| 20:05 | Build | Stone Wall |
| 20:17 | Build | Gate |
| 20:23 | Build | Watch Tower |
| 20:39 | Create | Villager (Male) ×5 |
| 20:47 | Research | Gold Mining |
| 21:03 | Create | Archer ×5 |
| 21:08 | Research | Man-at-Arms (upgrade) |
| 21:12 | Research | Fletching |
| 21:13 | Research | Forging |
| 21:53 | Age | Castle Age |
| 21:54 | Create | Spearman ×5 |
| 21:57 | Research | Elite Skirmisher (upgrade) |
| 22:05 | Research | Stone Mining |
| 22:20 | Create | Villager (Male) ×3 |
| 22:34 | Build | Monastery |
| 22:41 | Build | Stable |
| 22:45 | Build | Mining Camp |
| 22:56 | Research | Heavy Plow |
| 23:04 | Create | Villager (Male) ×3 |
| 23:51 | Create | Villager (Male) ×5 |
| 24:17 | Create | Monk ×5 |
| 24:22 | Create | Knight ×3 |
| 24:30 | Create | Cavalry Archer ×5 |
| 24:34 | Create | Militia |
| 24:56 | Build | Lumber Camp |
| 25:04 | Build | Lumber Camp |
| 25:17 | Build | House |
| 25:18 | Build | House |
| 25:21 | Build | House |
| 25:23 | Build | House |
| 25:45 | Create | Trade Cart ×4 |
| 26:03 | Create | Cavalry Archer |
| 26:07 | Research | Squires |
| 26:10 | Research | Padded Archer Armor |
| 26:48 | Research | Stone Shaft Mining |
| 26:56 | Build | Farm |
| 26:57 | Build | Farm |
| 27:01 | Build | Farm |
| 27:08 | Create | Villager (Male) ×5 |
| 28:05 | Build | Farm |
| 28:34 | Research | Crossbowman (upgrade) |
| 28:38 | Research | Long Swordsman (upgrade) |
| 28:48 | Build | House |
| 28:49 | Build | House |
| 28:50 | Build | House |
| 28:52 | Build | House |
| 28:56 | Build | House |
| 29:11 | Research | Wheelbarrow |
| 29:12 | Research | Town Patrol |
| 29:18 | Research | Bloodlines |
| 29:54 | Create | Trade Cart ×5 |
| 29:59 | Create | Teutonic Knight ×5 |
| 30:06 | Research | Pikeman (upgrade) |
| 30:48 | Build | Stone Wall |
| 30:57 | Build | Stone Wall |
| 31:04 | Build | Gate |
| 31:06 | Build | Gate |
| 32:51 | Build | Town Center |
| 33:35 | Create | Knight ×5 |
Match timeline
| 1:27 | juanmanuel.cruce · wall_segment Palisade Wall x8 |
| 1:42 | juanmanuel.cruce · wall_segment Palisade Wall x14 |
| 2:05 | Marius96 · wall_segment Palisade Wall x14 |
| 2:32 | schmitz.nick · wall_segment Palisade Wall x8 |
| 3:41 | schmitz.nick · wall_segment Palisade Wall x1 |
| 3:49 | Zerorule · wall_segment Palisade Wall x10 |
| 4:00 | Marius96 · wall_segment Palisade Wall x7 |
| 4:36 | † Lucas † · first_building Dock |
| 4:38 | Zerorule · wall_segment Palisade Wall x10 |
| 5:36 | Zerorule · first_building Barracks |
| 6:03 | mahonioyunda · wall_segment Palisade Wall x6 |
| 8:37 | juanmanuel.cruce · age_up feudal |
| 8:58 | mahonioyunda · age_up feudal |
| 9:48 | juanmanuel.cruce · wall_segment Stone Wall x9 |
| 10:24 | juanmanuel.cruce · first_building Barracks |
| 10:28 | Marius96 · wall_segment Palisade Wall x8 |
| 11:14 | juanmanuel.cruce · first_building Archery Range |
| 11:26 | schmitz.nick · age_up feudal |
| 11:46 | Zerorule · age_up feudal |
| 11:50 | Zerorule · first_building Archery Range |
| 11:52 | Zerorule · first_building Stable |
| 12:48 | Marius96 · first_building Barracks |
| 13:40 | Marius96 · first_building Dock |
| 13:42 | schmitz.nick · wall_segment Stone Wall x7 |
| 14:09 | † Lucas † · age_up feudal |
| 14:41 | schmitz.nick · first_building Barracks |
| 14:58 | Marius96 · age_up feudal |
| 16:35 | mahonioyunda · first_market_buy 100 food |
| 17:24 | mahonioyunda · first_building Barracks |
| 18:10 | mahonioyunda · first_market_sell 100 stone |
| 18:15 | † Lucas † · age_up castle |
| 18:40 | schmitz.nick · age_up castle |
| 19:10 | Zerorule · wall_segment Stone Wall x9 |
| 19:22 | Marius96 · age_up castle |
| 19:23 | mahonioyunda · age_up castle |
| 20:00 | juanmanuel.cruce · wall_segment Stone Wall x6 |
| 20:05 | juanmanuel.cruce · wall_segment Stone Wall x8 |
| 21:00 | † Lucas † · first_building Barracks |
| 21:03 | Zerorule · age_up castle |
| 21:08 | mahonioyunda · first_building Archery Range |
| 21:41 | Zerorule · first_building Monastery |
| 21:53 | juanmanuel.cruce · age_up castle |
| 21:54 | schmitz.nick · first_building Monastery |
| 22:34 | juanmanuel.cruce · first_building Monastery |
| 22:41 | juanmanuel.cruce · first_building Stable |
| 23:24 | schmitz.nick · first_building Siege Workshop |
| 23:37 | mahonioyunda · wall_segment Stone Wall x17 |
| 23:47 | mahonioyunda · wall_segment Stone Wall x7 |
| 25:40 | † Lucas † · first_building Siege Workshop |
| 27:30 | schmitz.nick · first_building Archery Range |
| 27:35 | Zerorule · first_building Castle |
| 27:58 | † Lucas † · age_up imperial |
| 28:14 | † Lucas † · first_building Stable |
| 28:34 | schmitz.nick · first_market_sell 100 food |
| 28:51 | † Lucas † · first_building Castle |
| 29:43 | mahonioyunda · wall_segment Stone Wall x16 |
| 29:49 | mahonioyunda · wall_segment Stone Wall x8 |
| 30:23 | mahonioyunda · wall_segment Stone Wall x9 |
| 30:48 | juanmanuel.cruce · wall_segment Stone Wall x9 |
| 30:50 | Marius96 · age_up imperial |
| 30:57 | juanmanuel.cruce · wall_segment Stone Wall x9 |
| 31:55 | schmitz.nick · age_up imperial |
| 32:24 | mahonioyunda · wall_segment Stone Wall x11 |
| 32:46 | schmitz.nick · first_market_buy 100 food |
| 33:37 | Zerorule · first_market_sell 500 wood |
| 33:50 | juanmanuel.cruce · first_market_sell 500 wood |
| 34:13 | schmitz.nick · first_building Castle |
| 34:57 | mahonioyunda · wall_segment Stone Wall x5 |
| 35:05 | mahonioyunda · wall_segment Stone Wall x6 |
| 35:17 | Marius96 · first_building Archery Range |
| 35:31 | Marius96 · first_building Siege Workshop |
| 35:48 | mahonioyunda · first_building Siege Workshop |
| 36:06 | mahonioyunda · first_building Monastery |
| 36:20 | Zerorule · age_up imperial |
| 36:20 | Marius96 · first_building Castle |
| 37:07 | juanmanuel.cruce · age_up imperial |
| 37:35 | mahonioyunda · age_up imperial |
| 39:47 | mahonioyunda · first_building Castle |
| 40:35 | mahonioyunda · wall_segment Palisade Wall x7 |
| 41:19 | Zerorule · first_building Siege Workshop |
| 41:25 | juanmanuel.cruce · first_market_buy 100 food |
| 43:49 | mahonioyunda · wall_segment Palisade Wall x9 |
| 46:52 | juanmanuel.cruce · wall_segment Stone Wall x13 |
| 47:04 | juanmanuel.cruce · first_building Castle |
| 47:14 | juanmanuel.cruce · wall_segment Stone Wall x11 |
| 53:43 | Zerorule · resign |
[ AI ANALYSIS · 1 CREDIT ]
What really happened in this match?
Wolo.gg analyzes every decision: build order, eco, micro, common mistakes by bracket. Personalized analysis on WhatsApp or Discord in 30 seconds.
Civ guide
Bengalis
Perfil
Jugador #1301387